 Dungeon Crawl Stone Soup version 0.18-a0-1551-g40744a8 (webtiles) character file.

16977 ololoev the Basher (level 12, -1/94 HPs)
             Began as a Centaur Wanderer on Mar 11, 2016.
             Was a High Priest of Okawaru.
             Killed by divine providence
             ... invoked by an orc priest
              (9 damage)
             ... on level 1 of the Orcish Mines.
             The game lasted 00:49:39 (12996 turns).

ololoev the Basher (Centaur Wanderer)              Turns: 12996, Time: 00:49:39

Health: -1/94      AC: 31    Str: 21    XL:     12   Next: 14%
Magic:  16/16      EV:  7    Int:  7    God:    Okawaru [*****.]
Gold:   470        SH:  7    Dex: 20    Spells: 1 memorised, 9 levels left

rFire  + . .     SeeInvis .     a - +1 whip (freeze)
rCold  . . .     Gourm    .     U - +3 crystal plate armour of the Swamp {rN+ Int-2 Dex+6 Slay+5}
rNeg   + . .     Faith    .     t - +0 buckler
rPois  .         Spirit   .     y - +2 helmet
rElec  .         Dismiss  .     u - +1 cloak "Xaaleg" {rCorr Str+4 Stlth-}
rCorr  +         Reflect  .     D - +0 pair of gloves (curse)
SustAt .         Harm     .     (no barding)
MR     .....                    (no amulet)
Stlth  ..........               F - +3 ring of protection
                                J - ring of protection from fire

@: heroism, very quick, not resistant to hostile enchantments, extremely
unstealthy
A: hooves 3, deformed body, speed 2, tough skin 3
a: Heroism, Finesse, Renounce Religion


Innate Abilities, Weirdness & Mutations

You have hooves in place of feet.
Armour fits poorly on your strangely shaped body.
You cover ground very quickly.
You have extremely tough skin (AC +3).

Inventory:

Hand Weapons
 a - a +1 whip of freezing (weapon)
 b - a +0 blowgun
 P - a +2 triple sword of holy wrath
Missiles
 r - 4 needles of frenzy
 v - 3 javelins (quivered)
 K - a poisoned needle
 M - 3 curare-tipped needles
Armour
 t - a +0 buckler (worn)
 u - the +1 cloak "Xaaleg" (worn) {rCorr Str+4 Stlth-}
   (You bought it in a shop on level 4 of the Dungeon)

   It affects your strength (+4).
   It protects you from acid and corrosion.
   It makes you less stealthy.
 y - a +2 helmet (worn)
 D - a cursed +0 pair of gloves (worn)
 S - a +2 plate armour of cold resistance
 U - the +3 crystal plate armour of the Swamp (worn) {rN+ Int-2 Dex+6 Slay+5}
   (You found it on level 11 of the Dungeon)

   It affects your intelligence (-2).
   It affects your dexterity (+6).
   It affects your accuracy and damage with ranged weapons and melee attacks
   (+5).
   It protects you from negative energy.
Jewellery
 F - a +3 ring of protection (right hand)
 J - a ring of protection from fire (left hand)
 R - an uncursed ring of protection from magic
Scrolls
 c - a scroll of torment {unknown}
 d - 2 scrolls of teleportation
 h - 2 scrolls of recharging
 i - 2 scrolls of random uselessness {unknown}
 j - a scroll of fear {unknown}
 n - 4 scrolls of remove curse {unknown}
 q - 4 scrolls of fog {unknown}
 z - a scroll of noise {unknown}
 C - a scroll of immolation {unknown}
 L - a scroll of amnesia {unknown}
 N - a scroll of brand weapon {unknown}
 T - a scroll of magic mapping {unknown}
 V - a scroll of enchant weapon {unknown}
Potions
 e - a potion of brilliance {unknown}
 g - 2 potions of heal wounds {unknown}
 k - a potion of invisibility {unknown}
 o - 3 potions of resistance {unknown}
 p - 2 potions of cancellation {unknown}
 x - 2 potions of ambrosia {unknown}
 A - 2 potions of flight {unknown}
 E - a potion of berserk rage {unknown}
 G - a potion of cure mutation {unknown}
 H - 2 potions of lignification {unknown}
 I - 2 potions of haste
Miscellaneous
 l - a sack of spiders
Comestibles
 f - 5 bread rations
 m - 3 beef jerkies
 s - 3 chunks of flesh
 B - 6 meat rations
 O - 16 fruits
 Q - 7 slices of pizza


   Skills:
 - Level 5.1(10.1) Fighting
 * Level 2.9(7.9) Long Blades
 - Level 10.5(15.5) Maces & Flails
 + Level 9.6(14.6) Throwing
 + Level 6.7(11.7) Armour
 - Level 4.8(9.8) Dodging
 - Level 4.0(9.0) Shields
 - Level 5.3 Invocations
 + Level 3.6 Evocations


You had 9 spell levels left.
You knew the following spells:

 Your Spells              Type           Power        Failure   Level  Hunger
a - Repel Missiles        Chrm/Air       #.....       100%        2    ###....


You were on level 1 of the Orcish Mines.
You worshipped Okawaru.
Okawaru was extremely pleased with you.
You were not hungry.

You visited 2 branches of the dungeon, and saw 12 of its levels.

You collected 750 gold pieces.
You spent 280 gold pieces at shops.

#..$. .. ## ....
... #.##... ....
..... #
....###....#.##
##.#...#.#......#
#...............##
#.........@......#
#........o.......
##.....o.....#...
.#......o#........
.....oo$o$...##...
.......o(o..## .#
.......)o...# #
.......(o#.##
.#.#...)o##.#

Notes
Turn   | Place    | Note
--------------------------------------------------------------
     0 | D:1      | ololoev the Centaur Wanderer began the quest for the Orb.
     0 | D:1      | ololoev set off with: a +2 spear, a scroll of teleportation, 12 poisoned needles, a +0 blowgun, a +0 robe, a bread ration
     0 | D:1      | Reached XP level 1. HP: 23/23 MP: 1/1
   351 | D:1      | Reached XP level 2. HP: 27/29 MP: 2/2
   833 | D:2      | Found an iron altar of Okawaru.
   839 | D:2      | Became a worshipper of Warmaster Okawaru
   972 | D:2      | Noticed a moth of wrath
   975 | D:2      | Found a bloodstained altar of Trog.
  1016 | D:2      | Reached XP level 3. HP: 9/36 MP: 3/3
  1046 | D:2      | Reached skill level 1 in Maces & Flails
  1354 | D:2      | Found a sparkling altar of Nemelex Xobeh.
  1922 | D:3      | Reached XP level 4. HP: 38/42 MP: 4/4
  2134 | D:3      | Noticed Kilingo's ghost (amateur GrFi)
  2161 | D:3      | Noticed a phantom
  2287 | D:3      | Killed Kilingo's ghost
  2287 | D:3      | Reached skill level 2 in Maces & Flails
  2287 | D:3      | Reached XP level 5. HP: 38/48 MP: 5/5
  2355 | D:3      | Killed a phantom
  2355 | D:3      | Reached * piety under Okawaru
  2355 | D:3      | Reached skill level 3 in Maces & Flails
  2355 | D:3      | Reached XP level 6. HP: 40/56 MP: 6/6
  2469 | D:3      | Found a shimmering altar of Xom.
  2927 | D:4      | Found Simit's Antique Armour Boutique.
  3087 | D:4      | Found Leroleog's Jewellery Emporium.
  3288 | D:4      | Found Egrun's Armour Emporium.
  3396 | D:4      | Found Guidghen's Jewellery Shop.
  3454 | D:4      | Bought an encrusted cloak for 190 gold pieces
  3638 | D:4      | Bought a pair of embroidered gloves for 90 gold pieces
  3644 | D:4      | Identified the +1 cloak "Xaaleg" {rCorr Str+4 Stlth-} (You bought it in a shop on level 4 of the Dungeon)
  3714 | D:4      | Found Toreeplu's Assorted Antiques.
  3731 | D:4      | Found an opulent altar of Gozag.
  3828 | D:4      | Reached skill level 4 in Maces & Flails
  3828 | D:4      | Reached skill level 1 in Invocations
  3828 | D:4      | Reached XP level 7. HP: 43/61 MP: 7/7
  4005 | D:5      | Entered Level 5 of the Dungeon
  4040 | D:5      | Found Baurat's Jewellery Shoppe.
  4138 | D:5      | Noticed Pikel
  4227 | D:5      | Killed Pikel
  4227 | D:5      | Reached ** piety under Okawaru
  4227 | D:5      | Reached *** piety under Okawaru
  4227 | D:5      | Reached XP level 8. HP: 33/68 MP: 7/9
  4287 | D:5      | Reached skill level 5 in Maces & Flails
  4287 | D:5      | Reached skill level 5 in Throwing
  4680 | D:5      | Found a glowing silver altar of Zin.
  4740 | D:5      | Found a sacrificial altar of Ru.
  4743 | D:5      | Found a snail-covered altar of Cheibriados.
  5389 | D:6      | Reached **** piety under Okawaru
  5410 | D:6      | Reached skill level 6 in Maces & Flails
  5745 | D:6      | Reached XP level 9. HP: 68/74 MP: 11/11
  5785 | D:6      | Found Xoliuck's Armour Shop.
  6317 | D:6      | Found a deep blue altar of Sif Muna.
  6663 | D:6      | Found a shattered altar of Ashenzari.
  7041 | D:7      | Found a deep blue altar of Sif Muna.
  7140 | D:7      | Found a shadowy altar of Dithmenos.
  7180 | D:7      | Reached ***** piety under Okawaru
  7212 | D:7      | Found a blossoming altar of Fedhas.
  7220 | D:7      | Noticed Joseph
  7239 | D:7      | Killed Joseph
  7239 | D:7      | Reached skill level 7 in Maces & Flails
  7239 | D:7      | Reached skill level 5 in Invocations
  7633 | D:7      | Received a gift from Okawaru
  7848 | D:7      | Found a staircase to the Ecumenical Temple.
  7881 | D:7      | Found a radiant altar of Vehumet.
  7881 | D:7      | Found a burning altar of Makhleb.
  8297 | D:8      | Reached XP level 10. HP: 68/81 MP: 14/14
  8451 | D:8      | Found a staircase to the Lair.
  8582 | D:8      | Identified the Reference Book on Intoxication and Weightlessness
  8587 | D:8      | Learned a level 2 spell: Repel Missiles
  9343 | D:9      | Reached skill level 1 in Shields
  9428 | D:9      | Reached skill level 8 in Maces & Flails
  9458 | D:9      | Found a snail-covered altar of Cheibriados.
  9487 | D:9      | Noticed Erolcha
  9501 | D:9      | Killed Erolcha
  9501 | D:9      | Reached skill level 5 in Armour
  9798 | D:9      | Received a gift from Okawaru
  9987 | D:9      | Noticed a two-headed hydra
  9992 | D:9      | Killed a one-headed hydra
 10257 | D:9      | Reached skill level 9 in Maces & Flails
 10327 | D:10     | Entered Level 10 of the Dungeon
 10367 | D:10     | Noticed Erica
 10407 | D:10     | Killed Erica
 10453 | D:10     | Found a shadowy altar of Dithmenos.
 10704 | D:10     | Reached XP level 11. HP: 83/86 MP: 15/15
 10830 | D:10     | Goblin1989: Привет. Как ты еэльфа убить умудрился?
 10832 | D:10     | ololoev: нажрался мутагена
 10832 | D:10     | ololoev: получил хреновых муток
 10832 | D:10     | ololoev: решил смыть
 10832 | D:10     | Goblin1989: печаль
 10832 | D:10     | ololoev: понял что курмут я выпил уже давно
 10832 | D:10     | ololoev: решил пожрать еще мутагена чтоы смыть
 10832 | D:10     | ololoev: получил телепортитис
 10832 | D:10     | Goblin1989: ох лол
 10832 | D:10     | Goblin1989: а стазиса не было?
 10832 | D:10     | ololoev: меня постоянно выкидывало в другое место и я оказывался без своих минионов
 10832 | D:10     | ololoev: это же транк, тут нет стазиса
 10832 | D:10     | ololoev: так со временем пожрал все расходники и умер
 10842 | D:10     | Goblin1989: а от кику трупов попросить?
 10843 | D:10     | ololoev: анимейт скелетон зпока на всех скастуешь тебя уже убьют
 10843 | D:10     | Goblin1989: вообще да, это печально.
 10843 | D:10     | ololoev: анимейт деда не нашел
 11242 | D:10     | Noticed Grum
 11274 | D:10     | Killed Grum
 11342 | D:11     | Found an iron altar of Okawaru.
 11342 | D:11     | Noticed an orc knight
 11347 | D:11     | ololoev: орочья ракета!!
 11631 | D:11     | Noticed a centaur warrior
 11631 | D:11     | Noticed a centaur warrior
 11632 | D:11     | Noticed a centaur warrior
 11647 | D:11     | Noticed a deep elf knight
 11649 | D:11     | Killed a centaur warrior
 11649 | D:11     | Reached skill level 1 in Evocations
 11655 | D:11     | Killed a centaur warrior
 11655 | D:11     | Reached skill level 10 in Maces & Flails
 11659 | D:11     | Killed a centaur warrior
 11680 | D:11     | Killed a deep elf knight
 11680 | D:11     | Received a gift from Okawaru
 11682 | D:11     | Goblin1989: а я кентавраи как-тоне могу играть
 11682 | D:11     | Goblin1989: -3 к броне и эвокейшену это перебор как по мне
 11682 | D:11     | ololoev: эвоки же +1 вроде
 11682 | D:11     | ololoev: а, -1
 11682 | D:11     | ololoev: -1 еще норм
 11682 | D:11     | ololoev: зато кенты жирные и быстрые
 11682 | D:11     | ololoev: сейчас повеселимся
 11695 | D:11     | Noticed a centaur warrior
 11716 | D:11     | Killed a centaur warrior
 11984 | D:11     | Killed an orc knight
 11984 | D:11     | Received a gift from Okawaru
 11985 | D:11     | Got an ancient centaur barding {god gift}
 11995 | D:11     | Identified the -5 centaur barding of Nobility {rF+ MR- Str+2 Dex+4} (Okawaru gifted it to you on level 11 of the Dungeon)
 12003 | D:11     | Goblin1989: -5 centaur barding of Nobilit
 12003 | D:11     | Goblin1989: ужас просто
 12003 | D:11     | Goblin1989: я ксатати rc обратно закомментировал.
 12003 | D:11     | Goblin1989: действительно - неудобно
 12003 | D:11     | Goblin1989: автоэксплор динамичный, а когда кудато-то перемещаешся аолучается по-старинке статично.
 12003 | D:11     | Goblin1989: делать, так делать чтобы все по-новому.
 12057 | D:11     | ololoev: ммм
 12057 | D:11     | ololoev: точно надо переучиваться на мечи
 12070 | D:11     | Goblin1989: махни им, посмотрим задержку :)
 12073 | D:11     | ololoev: 1.9
 12073 | D:11     | Goblin1989: воу, почти 2
 12073 | D:11     | Goblin1989: ага
 12073 | D:11     | Goblin1989: замучаешься качать
 12073 | D:11     | ololoev: да норм
 12073 | D:11     | ololoev: на самом деле валяется скимитар эрики
 12073 | D:11     | ololoev: я уже на нем подумал что надо бы лонги качать
 12073 | D:11     | ololoev: но решил да пофиг
 12073 | D:11     | ololoev: теперь точно качну
 12073 | D:11     | Goblin1989: понятно
 12099 | D:11     | Got a faintly humming crystal plate armour
 12110 | D:11     | Identified the +3 crystal plate armour of the Swamp {rN+ Int-2 Dex+6 Slay+5} (You found it on level 11 of the Dungeon)
 12110 | D:11     | ololoev: охохо
 12110 | D:11     | Goblin1989: ух ты ё
 12263 | D:11     | Reached skill level 1 in Long Blades
 12344 | D:11     | ololoev: надо 1066 голды
 12344 | D:11     | ololoev: я стану короем слеинга
 12344 | D:11     | ololoev: будет +11
 12434 | D:11     | Reached XP level 12. HP: 77/94 MP: 16/16
 12467 | D:11     | Goblin1989: я так и не понял, вандер - это воин или кто? он с чем вообще начинает?
 12479 | D:11     | ololoev: с рандомными статами и эквипом
 12479 | D:11     | Goblin1989: опана
 12479 | D:11     | ololoev: может полуить книгу с землеспеллами
 12479 | D:11     | Goblin1989: надо выбирать DsWn
 12479 | D:11     | ololoev: иметь прокачанный тровинг и дудку с кураре
 12479 | D:11     | ololoev: или дубину +2 и чейн
 12479 | D:11     | Goblin1989: прикольно же :)
 12479 | D:11     | ololoev: этот кентавр с самого начала имел 5 в файтинге, лол
 12479 | D:11     | ololoev: жирненький
 12526 | D:11     | Found a staircase to the Orcish Mines.
 12976 | Orc:1    | Entered Level 1 of the Orcish Mines
 12992 | Orc:1    | HP: 1/94 [orc priest/nerve-wracking pain (11)]
 12996 | Orc:1    | Killed from afar by an orc priest

Dungeon Overview and Level Annotations

Branches:
Dungeon (11/15)            Temple (0/1) D:7            Lair (0/8) D:8
    Orc (1/2) D:11

Altars:
Ashenzari
Cheibriados
Dithmenos
Fedhas
Gozag
Makhleb
Nemelex Xobeh
Okawaru
Ru
Sif Muna
Trog
Vehumet
Xom
Zin

Shops:
D:4 *=[[=   D:5 =   D:6 [

Annotations:
D:7 exclusion: door


Message History

The orc wizard gestures at you while chanting.
The magic dart hits you!
The orc priest invokes the aid of Beogh against you.
Pain shoots through your body!
The orc warrior throws a tomahawk.
You block the tomahawk. The orc priest barely misses you.
The orc wizard points at you and mumbles some strange words.
The magic dart hits you!
Unknown command.
Read which item? (? for menu, Esc to quit)
As you read the scroll of teleportation, it crumbles to dust.
You feel strangely unstable. The orc wizard barely misses you.
The orc priest invokes the aid of Beogh against you.
Pain shoots through your body!
The orc wizard gestures wildly while chanting.
The orc wizard blinks!
Unknown command.
Unknown command.
Drink which item? (? for menu, Esc to quit)
You feel better.
The orc priest miscasts a cantrip.
The orc priest hits you but does no damage.
Drink which item? (? for menu, Esc to quit)
You feel better. The orc wizard casts a spell at you.
You block the puff of frost.
The orc priest hits you but does no damage.
The orc priest barely misses you. x2
The orc warrior hits you with a dire flail!
The orc wizard gestures at you while chanting.
The magic dart hits you!
Drink which item? (? for menu, Esc to quit)
You feel better.
Your surroundings seem slightly different.
The orc wizard points at you and mumbles some strange words.
The magic dart hits you!
Unknown command.
Unknown command.
The orc priest mumbles some strange prayers to Beogh against you.
Beogh smites you!
You die...

You could see 2 orc warriors, 3 orc priests, 3 orc wizards and an orc.

Vanquished Creatures
  A hydra (D:9)
  Erolcha (D:9)
  4 centaur warriors (D:11)
  Erica (D:10)
  A deep elf knight (D:11)
  An orc knight (D:11)
  Pikel (D:5)
  A cyclops (D:11)
  A centaur zombie (D:10)
  Joseph (D:7)
  A gargoyle (D:11)
  A troll (D:11)
  A two-headed ogre (D:10)
  A wyvern (D:11)
  16 yaks
  Grum (D:10)
  2 hippogriffs
  A hungry ghost (D:6)
  The ghost of Kilingo the Covered, an amateur GrFi (D:3)
  A water moccasin (D:9)
  A swamp drake (D:11)
  4 ice beasts
  13 orc warriors
  A slave (D:5)
  A sky beast (D:10)
  6 ogres
  3 phantoms
  2 wolves (D:10)
  3 centaurs
  4 big kobolds
  3 giant frogs
  3 scorpions
  19 killer bees
  4 wights (D:11)
  4 crimson imps
  A hound (D:3)
  3 jellies
  6 orc priests
  13 orc wizards
  A gnoll shaman (D:8)
  2 giant frog skeletons
  An iguana (D:9)
  4 worker ants
  2 sheep (D:9)
  3 worker ant zombies
  9 adders
  6 gnolls (D:8)
  2 howler monkey skeletons
  2 oozes (D:3)
  An adder skeleton (D:6)
  An adder zombie (D:6)
  6 worms
  3 dart slugs
  9 giant geckos
  47 orcs
  2 ball pythons
  4 giant cockroaches
  3 goblins
  5 hobgoblins
  7 jackals
  A quokka (D:3)
  8 bats
  A giant gecko zombie (D:5)
  3 giant newts
  2 jackal skeletons (D:4)
  13 kobolds
  A quokka skeleton (D:6)
  6 rats
288 creatures vanquished.

Vanquished Creatures (collateral kills)
  4 orc warriors (D:11)
4 creatures vanquished.

Vanquished Creatures (others)
  An orc warrior (D:11)
  A slave (D:5)
  A worker ant (D:5)
3 creatures vanquished.

Grand Total: 295 creatures vanquished

Action                   |  1- 3 |  4- 6 |  7- 9 | 10-12 || total
-------------------------+-------+-------+-------+-------++-------
Melee: Spear             |   117 |   113 |    48 |       ||   278
       Whip              |       |       |   446 |   658 ||  1104
       Hand axe          |       |       |       |     5 ||     5
 Fire: Blowgun           |     7 |    22 |    49 |    44 ||   122
Throw: Javelin           |       |    22 |    32 |    10 ||    64
Invok: Heroism           |       |       |     3 |    15 ||    18
       Finesse           |       |       |     1 |     3 ||     4
  Use: Scroll            |       |     4 |     1 |     2 ||     7
       Potion            |       |       |       |     6 ||     6
 Stab: Confused          |       |       |       |     2 ||     2
  Eat: Chunk             |     2 |     3 |    11 |    14 ||    30
       Meat ration       |       |       |     1 |       ||     1

Vault maps used:
D:1:      minmay_arrival_five_plusses
D:2:      lemuel_round_altar, tgw_trog, overflow_temple_1_default
D:3:      tgw_xom, minmay_tree_intersection
D:4:      nicolae_overflow_crystal_walls, serial_shops, shop_coins, shop,
          kennysheep_little_box, shop, nicolae_shop_statue_plus
D:5:      marbit_many_paths, minitemple, serial_shops, nicolae_shop_waterfront,
          first_bread, uniq_pikel
D:6:      kennysheep_orc_sif_temple, lemuel_coloured_pillars_altar,
          serial_shops, shop, kennysheep_generic_room_12
D:7:      grunt_temple_overflow_lords_of_destruction, lemuel_crystal_altar,
          overflow_temple_1_default, lemuel_doored_altar,
          minmay_temple_entry_enclosed_plants, uniq_joseph
D:8:      lair_0_dummy
D:9:      hangedman_ranch, cheibriados_altar_1, uniq_erolcha
D:10:     roderic_lattice_a, grunt_dithmenos_smoke_and_mirrors, uniq_grum,
          uniq_erica
D:11:     evilmike_iron_armoury, erik_orc_1
